 Dungeon Crawl Stone Soup version 0.30-b1-2-g02819fbbbe (webtiles) character file.

Game seed: 1336274486234135724

126 suse60 the Chopper (level 5, -3/33 HPs)
             Began as a Tengu Gladiator on July 24, 2023.
             Slain by a hobgoblin
             ... wielding a +0 whip
              (8 damage)
             ... while paralysed by Grinder
             ... on level 3 of the Dungeon.
             The game lasted 00:09:53 (1758 turns).

suse60 the Chopper (Tengu Gladiator)                Turns: 1758, Time: 00:09:53

Health: -3/33      AC:  5    Str: 16    XL:     5   Next: 10%
Magic:  6/6        EV:  2    Int:  8    God:
Gold:   175        SH:  0    Dex: 16    Spells: 4/4 levels left

rFire   . . .        a - +0 war axe
rCold   . . .        (no shield)
rNeg    . . .        b - +0 leather armour
rPois   +            c - +1 hat
rElec   .            i - +0 cloak
rCorr   .            (no gloves)
SInv    .            (boots unavailable)
Will    .....        (no amulet)
Stlth   +            l - ring of poison resistance
HPRegen 0.25/turn    (no ring)
MPRegen 0.10/turn

%: no passive effects
@: paralysed, flying quickly and evasively, quick
A: beak, talons 3, nimble flight
a: no special abilities


You were on level 3 of the Dungeon.
You visited 1 branch of the dungeon, and saw 3 of its levels.

You collected 175 gold pieces.

Inventory:

Hand Weapons
 a - a +0 war axe (weapon)
Missiles
 d - 3 throwing nets (quivered)
 m - a javelin
 o - 8 poisoned darts
Armour
 b - a +0 leather armour (worn)
 c - a +1 hat (worn)
 i - a +0 cloak (worn)
Jewellery
 l - a ring of poison resistance (left hand)
Wands
 n - a wand of flame (4)
Scrolls
 e - a scroll of teleportation
Potions
 g - a potion of flight {unknown}
 h - a potion of might {unknown}
 j - a potion of berserk rage
 k - a potion of lignification {unknown}


   Skills:
 + Level 3.8 Fighting
 + Level 4.9 Axes
 - Level 2.0 Throwing
 - Level 3.2 Dodging


You had 4 spell levels left.
You didn't know any spells.
Your spell library contained the following spells:

 Spells                   Type           Power      Damage    Failure   Level
 Vhi's Electric Charge    Tloc/Air       0%         N/A       85%         3
 Alistair's Intoxication  Tmut/Pois      0%         N/A       100%        5
 Arcjolt                  Conj/Air       0%         1d10      100%        5
 Borgnjor's Vile Clutch   Necr/Erth      0%         N/A       100%        5
 Eringya's Noxious Bog    Tmut/Pois      0%         N/A       100%        6
 Maxwell's Capacitive Co  Air            0%         ∞         100%        8


Dungeon Overview and Level Annotations

Branches:
Dungeon (3/15)

Altars:
Uskayaw

Annotations:
D:3 Grinder


Innate Abilities, Weirdness & Mutations

You have a beak for a mouth.
You have claws for feet.
Your magical nature lets you fly swiftly and evasively.


Message History

The dart slug is almost dead.
The dart slug barely misses you. The frilled lizard bites you.
You hit the dart slug but do no damage. You peck the dart slug.
You kill the dart slug!
You closely miss the frilled lizard. The frilled lizard misses you.
You closely miss the frilled lizard. Your kick misses the frilled lizard.
The frilled lizard misses you.
You barely miss the frilled lizard. You claw the frilled lizard.
You kill the frilled lizard!
A hobgoblin comes into view. It is wielding a +0 whip.
The hobgoblin shouts!
You hear an angry hiss.
You see here 8 gold pieces.
You now have 175 gold pieces (gained 8).
An adder comes into view.
An orc comes into view. It is wielding a +0 club.
A bat comes into view.
The orc shouts!
The hobgoblin drinks a potion.
The hobgoblin goes berserk!
A frilled lizard comes into view.
You hear a shout!
The bat attacks as you move away! The bat closely misses you.
The bat barely misses you.
There is a stone staircase leading down here.
The hobgoblin barely misses you.
You barely miss the hobgoblin. Your kick misses the hobgoblin.
Your peck misses the hobgoblin. You closely miss the bat.
The bat completely misses you. The hobgoblin hits you with a +0 whip!
Grinder zaps a wand.
The puff of flame hits you!
* * * LOW HITPOINT WARNING * * *
The hobgoblin hits you with a +0 whip!
* * * LOW HITPOINT WARNING * * *
You feel better. The bat misses you. The adder bites you but does no damage.
The hobgoblin misses you. The bat misses you. Grinder gestures at you.
You suddenly lose the ability to move!
The adder bites you. The hobgoblin hits you with a +0 whip.
* * * LOW HITPOINT WARNING * * *
The bat hits you but does no damage. The adder completely misses you.
The hobgoblin hits you with a +0 whip!
You die...

########## #........#
#.>......# #........#
#....b...#######
.#..g@..........### ##
.........S.....#####...###.
.......o......#.........##.
............††#.........##.
..............##...........
.....l........##^......###.
............5.##...........
..............##.......####
..........#.......#


You could see Grinder, an adder, an orc, a hobgoblin (berserk), a bat and a
frilled lizard.

Vanquished Creatures
  Ijyb (D:3)
  3 gnolls (D:3)
  An adder (D:3)
  A worm (D:2)
  3 dart slugs
  An orc (D:2)
  3 ball pythons
  2 bats
  5 endoplasms
  A giant cockroach (D:2)
  6 goblins
  5 hobgoblins
  7 quokkas
  3 frilled lizards
  5 kobolds
  4 rats
51 creatures vanquished.

Notes
Turn   | Place    | Note
-------+----------+-------------------------------------------
     0 | D:1      | suse60 the Tengu Gladiator began the quest for the Orb.
     0 | D:1      | Reached XP level 1. HP: 12/12 MP: 2/2
   101 | D:1      | Reached XP level 2. HP: 11/18 MP: 3/3
   289 | D:1      | Reached XP level 3. HP: 22/22 MP: 4/4
   292 | D:1      | Reached skill level 4 in Axes
  1247 | D:2      | Found a hide-covered altar of Uskayaw.
  1320 | D:3      | Noticed Grinder
  1327 | D:3      | Reached XP level 4. HP: 18/28 MP: 5/5
  1555 | D:3      | Noticed Ijyb
  1613 | D:3      | Killed Ijyb
  1705 | D:3      | Gained mutation: Your magical nature lets you fly swiftly
                  | and evasively. [Tengu growth]
  1705 | D:3      | Reached XP level 5. HP: 33/33 MP: 6/6
  1756 | D:3      | HP: 1/33 [hobgoblin/+0 whip (7)]
  1757 | D:3      | Paralysed by Grinder for 5 turns
  1758 | D:3      | Slain by a hobgoblin

Illustrated notes

Levels and vault maps discovered:
D:1:      scummos_arrival_hexagon, layout_loops_ring,
          chequers_serial_rivers_room_a, serial_bayou_pond_e
D:2:      layout_rooms, basic_altar, roderic_serpentine_path,
          minmay_misc_feat_five, serial_bayou_pond_d
D:3:      layout_rooms, beargit_hepliaklqana_dungeon_heroes,
          hangedman_feature_mirror, uniq_grinder, uniq_ijyb

Skill      XL: |  1  2  3 |
---------------+----------+-----
Axes           | 4 |  4.9
Fighting       | 3 |  3.8
Throwing       | |  2.0
Dodging        | |  3.2

Action                     |  1- 3 |  4- 6 || total
---------------------------+-------+-------++-------
  Melee: War axe           |    66 |    39 ||   105
         Kick              |    15 |     7 ||    22
         Peck              |     5 |     7 ||    12
  Throw: Javelin           |     3 |       ||     3
    Use: Scroll            |     4 |     1 ||     5
         Potion            |       |     2 ||     2
   Stab: Sleeping          |     1 |       ||     1
 Armour: Leather armour    |    14 |    10 ||    24
  Dodge: Dodged            |    27 |    38 ||    65
